 Dungeon Crawl Stone Soup version 0.29-a0-289-g2178c42546 (webtiles) character file.

Game seed: 12874185384939887311

3864 inmateoo the Cleaver (level 9, 0/68 HPs)
             Began as a Demonspawn Gladiator on Mar 18, 2022.
             Was an Initiate of Okawaru.
             Slain by a troll (9 damage)
             ... on level 7 of the Dungeon.
             The game lasted 00:09:20 (6705 turns).

inmateoo the Cleaver (Demonspawn Gladiator)         Turns: 6705, Time: 00:09:21

Health: 0/68       AC: 15    Str: 21    XL:     9   Next: 99%
Magic:  10/10      EV: 13    Int: 10    God:    Okawaru [......]
Gold:   153        SH:  0    Dex: 14    Spells: 8/8 levels left

rFire   + + .      SeeInvis .   H - +4 battleaxe
rCold   + + .      Faith    .   (shield currently unavailable)
rNeg    . . .      Spirit   .   n - +4 scale mail of the Arcane {rF++ Str+2}
rPois   .          Reflect  .   E - +1 helmet
rElec   .          Harm     .   x - +0 cloak
rCorr   .          Rampage  .   (no gloves)
Will    .....                   F - +0 pair of boots
Stlth   +.........              g - amulet of regeneration
HPRegen 1.01/turn               s - ring of protection from cold
MPRegen 0.12/turn               C - ring of protection from cold

@: about to teleport
A: sturdy frame 2, demonic magic 2, weakness stinger 1
a: Renounce Religion


You were on level 7 of the Dungeon.
You worshipped Okawaru.
Okawaru was noncommittal.
You visited 2 branches of the dungeon, and saw 9 of its levels.
You also visited: Sewer.

You collected 378 gold pieces.
You spent 225 gold pieces at shops.

Inventory:

Hand Weapons
 a - a +0 war axe
 o - a +1 whip of freezing
 H - a +4 battleaxe (weapon)
Missiles
 e - a javelin (quivered)
Armour
 n - the +4 scale mail of the Arcane (worn) {rF++ Str+2}
   (You found it on level 2 of the Dungeon)

   Str:       It affects your strength (+2).
   rF:        It greatly protects you from fire.
 x - a +0 cloak (worn)
 A - a +0 kite shield
 E - a +1 helmet (worn)
 F - a +0 pair of boots (worn)
Jewellery
 g - an amulet of regeneration (around neck)
 s - a ring of protection from cold (left hand)
 C - a ring of protection from cold (right hand)
Wands
 u - a wand of acid (6)
 y - a wand of charming (5)
 B - a wand of flame (12)
Scrolls
 b - 3 scrolls of fog
 f - 2 scrolls of magic mapping
 p - 2 scrolls of enchant armour
 D - a scroll of vulnerability {unknown}
 G - a scroll of blinking {unknown}
 I - a scroll of noise {unknown}
 J - a scroll of amnesia {unknown}
Potions
 c - a potion of flight
 h - 3 potions of resistance
 i - a potion of invisibility
 k - 2 potions of attraction {unknown}
 l - 3 potions of might {unknown}
 m - a potion of brilliance {unknown}
 q - 2 potions of magic {unknown}
 r - a potion of lignification {unknown}
 t - 6 potions of heal wounds {unknown}
 v - 2 potions of mutation {unknown}
 w - a potion of ambrosia
 z - 5 potions of curing


   Skills:
 + Level 5.1 Fighting
 * Level 13.2 Axes
 - Level 1.7 Throwing
 + Level 4.0 Armour
 + Level 5.2 Dodging
 + Level 1.6 Shields
 + Level 1.3 Invocations


You had 8 spell levels left.
You didn't know any spells.
Your spell library contained the following spells:

 Spells                   Type           Power      Damage    Failure   Level
 Shock                    Conj/Air       0%         1d3       47%         1
 Corpse Rot               Necr/Air       0%         N/A       63%         2
 Poisonous Vapours        Pois/Air       0%         N/A       63%         2
 Static Discharge         Conj/Air       0%         N/A       63%         2
 Swiftness                Air            0%         N/A       85%         3
 Airstrike                Air            0%         N/A       99%         4
 Dispel Undead            Necr           0%         3d6       99%         4
 Sticky Flame             Conj/Fire      0%         2d3       99%         4


Dungeon Overview and Level Annotations

Branches:
Dungeon (8/15)             Temple (1/1) D:7            Lair (0/6) D:8
  Sewer (visited)

Altars:
Ashenzari
Cheibriados
Dithmenos
Elyvilon
Gozag
Makhleb
Okawaru
Qazlal
Sif Muna
Trog
Xom
Yredelemnul
Zin

Shops:
D:6 *[

Annotations:
D:4 1 transporter, kae's ghost, amateur MfAK


Innate Abilities, Weirdness & Mutations

Your movements are less encumbered by armour. (ER -4)
Spells you cast may paralyse nearby enemies.
You have a small tail.


Message History

* * * LOW HITPOINT WARNING * * *
The troll barely misses you. The troll claws you but does no damage.
The troll attacks as you move away! The troll bites you but does no damage.
The troll barely misses you. x2
The troll attacks as you move away! The troll closely misses you.
The troll barely misses you. The troll claws you but does no damage.
The troll attacks as you move away! The troll barely misses you.
The troll misses you. The troll barely misses you.
You see here a wolf corpse.
The troll attacks as you move away! The troll closely misses you.
The troll barely misses you. The troll claws you.
* * * LOW HITPOINT WARNING * * *
Things that are here:
a hound corpse; a wolf corpse You see here a throwing net.
Throw: throwing net
Press: ? - help, Q - select action, (/) - cycle Shift-Dir - straight line, f/p - troll
Aim: a troll (60% to hit)
You throw a throwing net.
The throwing net barely misses the troll.
The troll bites you but does no damage. The troll closely misses you.
The troll claws you but does no damage. The troll attacks as you move away!
The troll completely misses you. The troll misses you. The troll claws you!
* * * LOW HITPOINT WARNING * * *
The troll attacks as you move away! The troll bites you but does no damage.
The troll claws you but does no damage. The troll barely misses you.
The troll attacks as you move away! The troll bites you.
* * * LOW HITPOINT WARNING * * *
The troll claws you.
* * * LOW HITPOINT WARNING * * *
The troll claws you but does no damage.
Okay, then.
Okay, then.
As you read the scroll of teleportation, it crumbles to dust.
You feel strangely unstable. The troll bites you but does no damage.
The troll claws you!
* * * LOW HITPOINT WARNING * * *
The troll claws you!
You die...

#.##.###.>†####.########.#
######.#........†((#.# #.#
##.........###>.###.#.#
#.# ##.....#.##.# #..#
#.#.########.#
#..<.....##.# #..#
#.#.........#.
.....[...##.# #<.#
#.##########.#
...<.)...##.# #..# #.# #.#
............# #..# #.# #.#
#...)...##### #.@###.# #.#
##.....##
#.#T...##########.#
##....#
##.###............#
####.## #.# #..###########
####....########.# ##.#
......#.......##.# #.# #
#.......#####.##.# #.# #
#.####.## ##.##.####.# #
#.# #.#####.#........# #


You could see a troll.

Vanquished Creatures
  Pikel (D:6)
  A hog (D:6)
  2 orc warriors
  An ogre (D:4)
  2 black bears
  4 wolves (D:7)
  4 lemures (D:6)
  2 bullfrogs
  A kobold brigand (Sewer)
  A gnoll sergeant (D:5)
  2 scorpions (D:6)
  4 necrophages
  4 wights (D:7)
  A howler monkey (D:5)
  10 hounds
  Crazy Yiuf (D:6)
  4 orc priests
  4 iguanas
  3 orc wizards
  10 gnolls
  17 adders
  2 river rats
  A white imp (D:5)
  An ufetubus (D:7)
  3 worms
  A dart slug (D:1)
  29 orcs
  5 bats
  6 endoplasms
  4 giant cockroaches
  8 hobgoblins
  5 jackals
  2 quokkas (D:3)
  11 ball pythons
  A frilled lizard (D:3)
  5 goblins
  17 kobolds
  12 rats
192 creatures vanquished.

Vanquished Creatures (others)
  4 plants (D:5)
4 creatures vanquished.

Grand Total: 196 creatures vanquished

Notes
Turn   | Place    | Note
-------+----------+-------------------------------------------
     0 | D:1      | inmateoo the Demonspawn Gladiator began the quest for the
                  | Orb.
     0 | D:1      | Reached XP level 1. HP: 16/16 MP: 1/1
   204 | D:1      | Reached skill level 3 in Axes
   206 | D:1      | Gained mutation: Your movements are slightly less
                  | encumbered by armour. (ER -2) [demonic ancestry]
   206 | D:1      | Reached XP level 2. HP: 17/22 MP: 2/2
  1057 | D:2      | Reached XP level 3. HP: 28/28 MP: 3/3
  1202 | D:2      | Identified the +4 scale mail of the Arcane {rF++ Str+2}
  1582 | D:2      | Noticed a necrophage
  1599 | D:2      | Killed a necrophage
  1600 | D:2      | Reached skill level 1 in Armour
  1600 | D:2      | Gained mutation: Spells you cast may paralyse adjacent
                  | enemies. [demonic ancestry]
  1600 | D:2      | Reached XP level 4. HP: 30/34 MP: 4/4
  1759 | D:2      | Reached skill level 4 in Axes
  1778 | D:2      | Gained mutation: Your movements are less encumbered by
                  | armour. (ER -4) [demonic ancestry]
  1778 | D:2      | Reached XP level 5. HP: 39/40 MP: 5/5
  2156 | D:3      | Found a faded altar of an unknown god.
  2381 | D:3      | Found a glowing drain.
  2401 | Sewer    | Entered a sewer
  2454 | Sewer    | Reached XP level 6. HP: 47/47 MP: 6/6
  3073 | D:4      | Reached skill level 5 in Axes
  3124 | D:4      | HP: 1/48 [ogre/+0 giant club (23)]
  3196 | D:4      | Gained mutation: Spells you cast may paralyse nearby
                  | enemies. [demonic ancestry]
  3196 | D:4      | Reached XP level 7. HP: 45/53 MP: 7/7
  3204 | D:4      | Reached skill level 12 in Axes
  3204 | D:4      | Reached XP level 8. HP: 60/60 MP: 8/8
  3235 | D:4      | Found a broken altar of Ashenzari.
  3235 | D:4      | Found a shimmering altar of Xom.
  3512 | D:4      | Noticed kae's ghost (amateur MfAK)
  3513 | D:4      | Found a transporter.
  3624 | D:5      | Entered Level 5 of the Dungeon
  3838 | D:5      | Found a bloodstained altar of Trog.
  4917 | D:6      | Gained mutation: You have a small tail. [demonic ancestry]
  4917 | D:6      | Reached XP level 9. HP: 66/66 MP: 9/9
  4955 | D:6      | Noticed Pikel
  5014 | D:6      | Killed Pikel
  5015 | D:6      | Reached skill level 13 in Axes
  5057 | D:6      | Found Paibifor's Armour Boutique.
  5065 | D:6      | Bought a +0 helmet for 54 gold pieces
  5065 | D:6      | Bought a +0 pair of boots for 54 gold pieces
  5105 | D:6      | Noticed Maggie
  5107 | D:6      | Noticed Maggie
  5107 | D:6      | Maggie changed into Maggie the hog
  5116 | D:6      | Killed Maggie the hog
  5379 | D:6      | Found a runed translucent door.
  5380 | D:6      | Noticed Crazy Yiuf
  5435 | D:6      | Found Nobrauxa's Assorted Antiques.
  5446 | D:6      | Bought a red potion for 18 gold pieces
  5446 | D:6      | Bought a fuming golden potion for 18 gold pieces
  5446 | D:6      | Bought an orange potion for 18 gold pieces
  5446 | D:6      | Bought a scroll of identify for 42 gold pieces
  5446 | D:6      | Bought a scroll labelled KOUKEE LEUCS for 21 gold pieces
  5624 | D:6      | Killed Crazy Yiuf
  5721 | D:7      | Reached skill level 5 in Dodging
  5721 | D:7      | Reached skill level 1 in Shields
  5795 | D:7      | Reached skill level 5 in Fighting
  5848 | D:7      | Found a staircase to the Ecumenical Temple.
  5874 | Temple   | Entered the Ecumenical Temple
  5886 | Temple   | Became a worshipper of Warmaster Okawaru
  6523 | D:8      | Found a staircase to the Lair.
  6523 | D:8      | Noticed a troll
  6527 | D:8      | Noticed a gargoyle
  6577 | D:7      | Reached skill level 1 in Invocations
  6705 | D:7      | Slain by a troll

Illustrated notes

Levels and vault maps discovered:
D:1:      minmay_arrival_three_doors, layout_basic
D:2:      layout_basic, chequers_garden
D:3:      layout_rooms, cheibrodos_sewer_entry_sluice,
          nicolae_ecumenical_snake_handling
D:4:      layout_rooms, gammafunk_temple_overflow_pools, gammafunk_ghost_smash
D:5:      layout_gridville, mainiacjoe_overflow_tiny_flanked,
          grunt_ministairs_3, hex_medium, guppyfry_early_lair_pool
D:6:      layout_layer_cave, serial_shops, nicolae_shop_hallway_stairs,
          nicolae_lakefront_shop, minmay_fountain_box, uniq_maggie, uniq_pikel,
          uniq_crazy_yiuf_cottage
D:7:      layout_loops_ring, minmay_temple_entry_tees,
          minmay_misc_feat_ornament, kennysheep_nub
D:8:      layout_rooms, erik_lair_island, serial_shops,
          nicolae_shop_advertising_works [nicolae_subvault_shop_adworks]
Temple:   eino_narrow_crystal_temple

Skill      XL: |  1  2  3  4  5  6  7  8  9 |
---------------+----------------------------+-----
Axes           | 3 4 5 12 13 | 13.2
Dodging        | 3 4 5 |  5.2
Armour         | 1 2 3 4 |  4.0
Fighting       | 3 4 5 |  5.1
Shields        | 1 |  1.6
Invocations    | 1 |  1.3
Throwing       | |  1.7

Action                   |  1- 3 |  4- 6 |  7- 9 || total
-------------------------+-------+-------+-------++-------
Melee: War axe           |    96 |   226 |   282 ||   604
       Punch             |     2 |     2 |     2 ||     6
       Battleaxe         |       |       |    33 ||    33
       Tailslap          |       |       |    22 ||    22
       Unarmed           |       |       |     4 ||     4
Throw: Throwing net      |       |     3 |     4 ||     7
Evoke: Wand              |       |       |     2 ||     2
  Use: Scroll            |       |     4 |     9 ||    13
       Potion            |       |     1 |     2 ||     3
 Stab: Sleeping          |     1 |       |       ||     1
Armor: Leather armour    |    25 |       |       ||    25
       Scale mail        |    10 |   127 |   171 ||   308
       Skin              |       |       |     1 ||     1
Dodge: Dodged            |    75 |   235 |   239 ||   549
Block: Kite shield       |       |       |    25 ||    25

Table legend: (Time is in decaauts)
 A = Elapsed time spent in this place.
 B = Non-inter-level travel time spent in this place.
 C = Inter-level travel time spent in this place.
 D = Time resting spent in this place.
 E = Time spent auto-exploring this place.
 F = Levels seen in this place.
 G = Mean time per level.
                   A        B        C        D        E       F      G
               +--------+--------+--------+--------+--------+-----+--------+
         Total |   6849 |   6686 |    163 |    806 |   4178 |  10 |  684.9 |
       Dungeon |   6354 |   6198 |    156 |    794 |   4043 |   8 |  794.2 |
        Temple |     20 |     13 |      7 |      0 |      6 |   1 |   20.0 |
         Sewer |    474 |    474 |      0 |     12 |    129 |   1 |  474.0 |
               +--------+--------+--------+--------+--------+-----+--------+

Top non-repeatable levels by time:
     D:2: 1169 daAuts
     D:6: 1035 daAuts
     D:7: 1022 daAuts
     D:5: 975 daAuts
     D:1: 965 daAuts
     D:4: 620 daAuts
     D:3: 556 daAuts
   Sewer: 474 daAuts
  Temple: 20 daAuts
     D:8: 10 daAuts
